 Dungeon Crawl Stone Soup version 0.22.1-6-g1668fe2 (webtiles) character file.

156779 Yuikono the Devastator (level 17, 0/80 HPs)
             Began as a Tengu Air Elementalist on Jan 15, 2019.
             Was a High Priest of Sif Muna.
             Slain by a wolf spider (8 damage)
             ... on level 2 of the Spider Nest on Jan 16, 2019.
             The game lasted 07:13:39 (61075 turns).

Yuikono the Devastator (Tengu Air Elementalist)    Turns: 61075, Time: 07:13:40

Health: 0/80       AC:  7    Str:  8 (9)  XL:     17   Next: 38%
Magic:  0/36       EV: 20    Int: 30      God:    Sif Muna [*****.]
Gold:   2216       SH:  8    Dex: 12 (14) Spells: 0/44 levels left

rFire    + + .     SeeInvis +   X - +6 dagger (freeze)
rCold    . . .     Gourm    .   E - +3 warlock's mirror {reflect}
rNeg     . . .     Faith    .   M - +0 robe of the Aged Emperors {*Corrode Int+7}
rPois    +         Spirit   +   K - +2 hat
rElec    .         Reflect  +   U - scarf {rC+ rF+}
rCorr    .         Harm     .   V - +2 pair of gloves
MR       +....                  (boots unavailable)
Stlth    ++........             J - amulet of guardian spirit
HPRegen  0.23/turn              v - ring of fire
MPRegen  0.25/turn              P - ring of see invisible

@: lethally poisoned (0 -> -15), flying quickly and evasively, quick
A: beak, horns 1, talons 3, sense surroundings 1, poison resistance, able to fly
2
}: 1/15 runes: decaying
a: Stop Flying, Divine Energy, Channel Magic, Forget Spell, Renounce Religion


You were on level 2 of the Spider Nest.
You worshipped Sif Muna.
Sif Muna was extremely pleased with you.
You were not hungry.

You visited 7 branches of the dungeon, and saw 30 of its levels.
You also visited: Bailey.

You collected 2655 gold pieces.
You spent 439 gold pieces at shops.

Inventory:

Hand Weapons
 h - a +9 blowgun
 C - a +0 hand crossbow
 X - a +6 dagger of freezing (weapon)
Missiles
 n - 11 curare-tipped needles
 S - 54 tomahawks of returning (quivered)
 W - 5 needles of confusion
 Y - 85 poisoned needles
Armour
 d - a +2 robe of resistance
 p - a +2 cloak of magic resistance
 E - the +3 warlock's mirror (worn) {reflect}
   (You took it off a kobold in a bailey)
 K - a +2 hat (worn)
 M - the +0 robe of the Aged Emperors (worn) {*Corrode Int+7}
   (You found it on level 1 of the Swamp)

   It affects your intelligence (+7).
   It may corrode you when you take damage.
 U - a scarf of resistance (worn)
 V - a +2 pair of gloves (worn)
Magical Staves
 x - an uncursed staff of wizardry
Jewellery
 i - an uncursed ring of ice
 m - an uncursed ring of protection from cold
 u - a +2 ring of dexterity {unknown}
 v - a ring of fire (left hand)
 y - an uncursed ring of wizardry
 J - an amulet of guardian spirit (around neck)
 P - a ring of see invisible (right hand)
 R - the ring "Lipnef" {rC+ MR+}
   (You found it on level 9 of the Dungeon)

   [ring of protection from cold]

   It protects you from cold.
   It affects your resistance to hostile enchantments.
Wands
 g - a wand of flame (20)
 o - a wand of acid (12)
 H - a wand of polymorph (16)
 Q - a wand of digging (15)
 T - a wand of disintegration (10)
Scrolls
 e - 5 scrolls of remove curse
 f - 9 scrolls of teleportation
 k - 6 scrolls of identify
 l - 4 scrolls of vulnerability
 r - 9 scrolls of magic mapping
 s - 4 scrolls of enchant armour
 t - 12 scrolls of amnesia
 z - 3 scrolls of fog
 G - 4 scrolls of enchant weapon
 N - 3 scrolls of immolation
Potions
 a - 5 potions of brilliance
 b - 4 potions of curing
 j - 4 potions of lignification
 q - 2 potions of berserk rage
 w - 4 potions of ambrosia
 B - a potion of agility
 D - a potion of invisibility
 F - a potion of resistance {unknown}
 I - 4 potions of might
 L - 3 potions of mutation
 Z - 2 potions of haste
Miscellaneous
 A - a lamp of fire
Comestibles
 c - 13 rations


   Skills:
 - Level 4.7 Short Blades
 - Level 6.0 Crossbows
 - Level 9.5 Dodging
 - Level 2.0 Stealth
 - Level 4.0 Shields
 + Level 14.1 Spellcasting
 - Level 15.1 Conjurations
 - Level 3.3 Hexes
 - Level 2.0 Charms
 + Level 13.5 Summonings
 - Level 1.0 Translocations
 - Level 12.3 Fire Magic
 - Level 8.0 Ice Magic
 - Level 10.7 Air Magic
 - Level 0.1 Poison Magic
 - Level 4.9 Invocations


You couldn't memorise any spells.
You knew the following spells:

 Your Spells              Type           Power        Failure   Level  Hunger
a - Shock                 Conj/Air       ####         0%          1    None
b - Swiftness             Chrm/Air       ######..     1%          2    None
c - Static Discharge      Conj/Air       #######.     1%          3    None
d - Lightning Bolt        Conj/Air       #######...   1%          5    None
e - Airstrike             Air            ######....   1%          4    None
f - Mephitic Cloud        Conj/Pois/Air  ######..     1%          3    None
g - Bolt of Fire          Conj/Fire      ########..   1%          6    ####...
h - Conjure Flame         Conj/Fire      ########     1%          3    None
i - Throw Icicle          Conj/Ice       ######..     1%          4    None
j - Passwall              Tmut/Erth      ###.....     3%          2    None
k - Fulminant Prism       Conj/Hex       ######....   1%          4    None
l - Summon Butterflies    Summ           #######.     0%          1    None
m - Summon Lightning Spi  Summ/Air       #######.     1%          4    None
n - Blink                 Tloc           N/A          2%          2    None

Your spell library contained the following spells:

 Spells                   Type           Power        Failure   Level  Hunger
 Flame Tongue             Conj/Fire      #####        0%          1    None
 Magic Dart               Conj           ####         0%          1    None
 Call Imp                 Summ           #######.     0%          2    None
 Searing Ray              Conj           ######       0%          2    None
 Apportation              Tloc           ####..       1%          1    None
 Confusing Touch          Hex            #####.       1%          1    None
 Infusion                 Chrm           ####         1%          1    None
 Poisonous Vapours        Pois/Air       ######       1%          2    None
 Shroud of Golubria       Chrm/Tloc      ####......   1%          2    None
 Slow                     Hex            #####...     1%          2    None
 Song of Slaying          Chrm           ####....     1%          2    None
 Throw Frost              Conj/Ice       ######       1%          2    None
 Confuse                  Hex            #####...     1%          3    None
 Dazzling Spray           Conj/Hex       ######       1%          3    None
 Ozocubu's Armour         Chrm/Ice       ######..     1%          3    None
 Stone Arrow              Conj/Erth      ######       1%          3    None
 Tukima's Dance           Hex            #####...     1%          3    None
 Force Lance              Conj/Tloc      ######..     1%          4    None
 Iskenderun's Mystic Bla  Conj           #######.     1%          4    None
 Bolt of Magma            Conj/Fire/Erth #######...   1%          5    None
 Fireball                 Conj/Fire      ########..   1%          5    None
 Iskenderun's Battlesphe  Conj/Chrm      ######..     1%          5    None
 Conjure Ball Lightning   Conj/Air       #######...   1%          6    ####...
 Sandblast                Erth           ###...       2%          1    None
 Spectral Weapon          Hex/Chrm       #####...     2%          3    None
 Venom Bolt               Conj/Pois      ######....   2%          5    None
 Corpse Rot               Necr           N/A          3%          2    None
 Silence                  Hex/Air        ######....   3%          5    None
 Bolt of Cold             Conj/Ice       ######....   3%          6    ####...
 Freezing Cloud           Conj/Ice/Air   ######....   3%          6    ####...
 Orb of Destruction       Conj           #######...   3%          7    #####..
 Gell's Gravitas          Tloc           ####......   4%          3    None
 Lesser Beckoning         Tloc           ####......   4%          3    None
 Regeneration             Chrm/Necr      ####......   4%          3    None
 Ice Form                 Ice/Tmut       #####...     4%          4    None
 Spellforged Servitor     Conj/Summ      #######...   5%          7    #####..
 Metabolic Englaciation   Hex/Ice        ######....   6%          5    None
 Monstrous Menagerie      Summ           #######...   8%          7    #####..
 Summon Greater Demon     Summ           #######...   8%          7    #####..
 Leda's Liquefaction      Hex/Erth       ####......   12%         4    None
 Ozocubu's Refrigeration  Ice            ######....   13%         6    ####...
 Passage of Golubria      Tloc           N/A          16%         4    None
 Iron Shot                Conj/Erth      ######....   16%         6    ####...
 Poison Arrow             Conj/Pois      ######....   16%         6    ####...
 Olgreb's Toxic Radiance  Pois           ###.....     22%         4    None
 Petrify                  Tmut/Erth      ###.....     22%         4    None
 Deflect Missiles         Chrm/Air       ######....   26%         6    ####...
 Yara's Violent Unravell  Hex/Tmut       ####......   32%         5    None
 Excruciating Wounds      Chrm/Necr      ####......   38%         5    None
 Alistair's Intoxication  Tmut/Pois      ###.....     52%         5    None
 Summon Horrible Things   Summ           #######...   52%         8    #######
 Lee's Rapid Deconstruct  Erth           ###.......   54%         5    None
 Simulacrum               Ice/Necr       #####.....   56%         6    ####...
 Invisibility             Hex            #####...     65%         6    ####...
 Malign Gateway           Summ/Tloc      ######....   69%         7    #####..
 Ring of Flames           Chrm/Fire      #######...   71%         7    #####..
 Statue Form              Tmut/Erth      ###......    98%         6    ####...
 Glaciate                 Conj/Ice       ######....   100%        9    #######
 Shatter                  Erth           ###.......   100%        9    #######
 Tornado                  Air            ######....   100%        9    #######


Dungeon Overview and Level Annotations

Branches:
Dungeon (15/15)            Temple (1/1) D:4            Lair (6/6) D:9
  Swamp (4/4) Lair:2       Spider (2/4) Lair:4        Slime (0/5) Lair:6
    Orc (1/2) D:10         Vaults (0/5) D:13         Depths (1/5) D:15

Altars:
Ashenzari
Cheibriados
Dithmenos
Elyvilon
Fedhas
Gozag
Hepliaklqana
Kikubaaqudgha
Makhleb
Nemelex Xobeh
Okawaru
Qazlal
Ru
Sif Muna
Trog
Uskayaw
Vehumet
Wu Jian
Xom
Yredelemnul
Zin
The Shining One

Shops:
D:7 !?[(   D:8 ?   D:10 %   D:14 ?

Annotations:
D:9 exclusion: guardian serpent
D:11 exclusion: gargoyle
Lair:4 Rupert
Spider:1 3 runed doors, Mrkaede's ghost, journeyman HuBe


Innate Abilities, Weirdness & Mutations

You have a beak for a mouth.
You have claws for feet.
You can fly continuously.
You have a pair of small horns on your head.
You passively map a small area around you.
Your system is resistant to poisons. (rPois)


Message History

The wolf spider bites you!
The wolf spider is engulfed in noxious fumes.
The wolf spider appears confused.
You hit the wolf spider but do no damage.
You feel sick.
The wolf spider seems less confused.
The wolf spider hits you! The wolf spider bites you!
* * * LOW HITPOINT WARNING * * *
Casting: Mephitic Cloud (safe; 1% risk of failure)
Confirm with . or Enter, or press ? or * to list all spells.
Aiming: Mephitic Cloud (safe; 1% risk of failure)
Press: ? - help, Shift-Dir - straight line, f - wolf spider
Aim: a wolf spider (clinging)
The ball explodes into a vile cloud!
The stinking cloud engulfs the wolf spider.
The stinking cloud engulfs you!
You feel sick.
The wolf spider is engulfed in noxious fumes.
The wolf spider hits you!
* * * LOW HITPOINT WARNING * * *
The wolf spider bites you!
You die...

..<.............###
......†...........#
.^..#.......#^....#
.#...##..#.......##
......####.^.....^#
.#....# ###.....##
###..## #....§### * #
##.# #....§s§# , #.##
###....@§## *
####.^####.....^##.###. *
*
#..≈..≈.###........8†..,
≈≈#≈.≈#≈≈###.......%†..
≈≈#≈#≈≈≈≈###.............
,
≈≈#≈#≈#≈≈≈##........#....
,
≈≈≈≈#≈≈≈≈###....#...#....
≈≈#≈≈≈#≈≈# #)#.##....^...
* ≈≈≈≈≈≈#≈≈# ##### ...#§#
, * ,


You could see a wolf spider and a friendly lightning spire.

Vanquished Creatures
  2 thorn hunters
  A ghost moth (Spider:2)
  Louise (D:15)
  An entropy weaver (Spider:1)
  A spark wasp (Spider:2)
  18 hydras
  A rakshasa (D:15)
  An ogre mage (D:15)
  2 ghost crabs
  2 catoblepae
  2 centaur warriors
  8 two-headed ogres
  A death knight (D:14)
  3 death yaks (Lair:6)
  9 alligators
  A deep troll shaman (Lair:6)
  Sonja (D:13)
  2 spriggans (Swamp:3)
  A fire crab (Lair:1)
  9 skeletal warriors
  3 spriggan druids (Swamp:4)
  13 swamp dragons
  An unseen horror (D:15)
  The ghost of HedoNNN the Ruffian, a novice TrMo of Makhleb (D:7)
  A glowing orange brain (shapeshifter) (D:13)
  3 shambling mangroves
  A phantasmal warrior (D:14)
  9 deep elf magi
  An orc knight (Orc:1)
  6 wolf spiders
  An orb spider (Spider:2)
  A moth of wrath (shapeshifter) (D:13)
  2 cyclopes (D:15)
  10 ugly things
  2 black mambas
  A moth of wrath (Spider:1)
  A guardian serpent (D:9)
  13 elephants
  A naga mage (D:15)
  An eye of devastation (Lair:6)
  13 spiny frogs
  2 gargoyles (D:14)
  9 komodo dragons
  A kobold demonologist (D:14)
  3 demonic crawlers (Spider:1)
  3 freezing wraiths (D:14)
  A rime drake (Lair:3)
  An efreet (D:15)
  A merfolk (D:15)
  6 trolls
  10 jumping spiders
  4 polar bears
  9 hornets
  10 tyrant leeches
  4 blink frogs (Lair:6)
  2 dream sheep (D:10)
  7 hippogriffs
  22 slime creatures
  13 bog bodies
  55 yaks
  4 shadows
  7 tarantellas
  20 redbacks
  2 water elementals (D:15)
  3 wraiths
  4 fire bats (Lair:2)
  2 wyverns
  A human (shapeshifter) (D:15)
  2 basilisks
  A basilisk (shapeshifter) (D:13)
  19 vampire mosquitoes
  2 wargs (Orc:1)
  16 swamp worms
  5 insubstantial wisps (Swamp:2)
  10 water moccasins
  4 acid dragons
  9 porcupines
  11 swamp drakes
  25 orc warriors
  3 ice beasts
  6 black bears
  3 eyes of draining
  14 ogres
  A phantom (D:11)
  6 necrophages
  5 boggarts (D:14)
  15 wolves
  23 centaurs
  12 crocodiles
  11 big kobolds
  12 bullfrogs
  3 gnoll sergeants (D:10)
  A wyvern zombie (D:15)
  A wyvern skeleton (D:13)
  5 scorpions
  15 killer bees
  23 wights
  9 electric eels
  6 howler monkeys
  3 bullfrog zombies
  3 centaur zombies
  5 crimson imps
  2 jellies
  3 quasits
  10 orc priests
  12 hounds
  3 bullfrog skeletons
  4 centaur skeletons
  9 orc wizards
  3 iron imps (D:4)
  Ijyb (D:2)
  4 iguanas
  11 worker ants
  A hound skeleton (D:11)
  19 gnolls
  15 adders
  A howler monkey skeleton (D:9)
  3 shadow imps
  3 oozes
  An adder zombie (D:8)
  3 adder skeletons
  4 dart slugs
  4 leopard geckos
  53 orcs
  2 ball pythons
  5 bats
  A bat zombie (D:6)
  11 giant cockroaches
  16 hobgoblins
  15 jackals
  34 kobolds
  3 quokkas
  6 frilled lizards
  16 goblins
  A quokka skeleton (D:9)
  10 rats
  A rat zombie (D:6)
  2 briar patches (Swamp:2)
  A fulminant prism (Lair:5)
  A fungus (Lair:3)
  4 plants
945 creatures vanquished.

Vanquished Creatures (collateral kills)
  A very ugly thing (Spider:1)
  2 orb spiders (Spider:2)
  2 wolf spiders
  5 ugly things (Spider:1)
  2 demonic crawlers
  4 jumping spiders (Spider:2)
  3 redbacks
  5 tarantellas
24 creatures vanquished.

Vanquished Creatures (others)
  A water elemental (D:15)
  2 electric eels (D:15)
  A fire vortex (Lair:2)
  38 fulminant prisms
  13 fungi
  42 plants
97 creatures vanquished.

Grand Total: 1066 creatures vanquished

Notes
Turn   | Place    | Note
-------+----------+-------------------------------------------
     0 | D:1      | Yuikono the Tengu Air Elementalist began the quest for the
                  | Orb.
     0 | D:1      | Reached XP level 1. HP: 10/10 MP: 4/4
   143 | D:1      | Reached XP level 2. HP: 11/15 MP: 6/6
   224 | D:1      | Learned a level 2 spell: Swiftness
   232 | D:1      | Reached skill level 2 in Conjurations
   688 | D:1      | Reached XP level 3. HP: 11/19 MP: 7/7
  1070 | D:2      | Reached skill level 3 in Conjurations
  1222 | D:2      | Learned a level 3 spell: Static Discharge
  1235 | D:2      | Reached XP level 4. HP: 24/24 MP: 9/9
  1763 | D:2      | Reached skill level 5 in Air Magic
  1836 | D:2      | Noticed an ogre
  1885 | D:2      | Found a white marble altar of Elyvilon.
  2003 | D:2      | Noticed Ijyb
  2497 | D:2      | Gained mutation: You can fly. [Tengu growth]
  2497 | D:2      | Reached XP level 5. HP: 24/28 MP: 2/10
  2787 | D:2      | Found a glowing golden altar of the Shining One.
  2788 | D:2      | Found an ornate altar of the Wu Jian Council.
  2791 | D:2      | Found a hazy altar of Hepliaklqana.
  2794 | D:2      | Found a glowing silver altar of Zin.
  2834 | D:2      | Found a basalt altar of Yredelemnul.
  2836 | D:2      | Found a shimmering altar of Xom.
  2836 | D:2      | Found a shadowy altar of Dithmenos.
  2838 | D:2      | Found a shimmering altar of Xom.
  2838 | D:2      | Found a bloodstained altar of Trog.
  2838 | D:2      | Found a shimmering altar of Xom.
  2899 | D:2      | Found a sacrificial altar of Ru.
  3335 | D:1      | Reached skill level 4 in Conjurations
  4150 | D:3      | Reached XP level 6. HP: 32/32 MP: 4/12
  4899 | D:3      | Reached skill level 5 in Conjurations
  5310 | D:2      | Killed Ijyb
  5479 | D:2      | Learned a level 5 spell: Lightning Bolt
  5652 | D:1      | Reached XP level 7. HP: 36/36 MP: 6/14
  5787 | D:4      | Found a staircase to the Ecumenical Temple.
  5799 | Temple   | Entered the Ecumenical Temple
  5862 | Temple   | Became a worshipper of Sif Muna the Loreminder
  5988 | D:4      | Got a scorched ring mail
  6013 | D:4      | Identified the +3 ring mail "Arghefuclu" {Slay+6 Stlth+}
                  | (You found it on level 4 of the Dungeon)
  6194 | D:4      | Found a burning altar of Makhleb.
  6296 | D:5      | Entered Level 5 of the Dungeon
  6378 | D:5      | Found a radiant altar of Vehumet.
  6491 | D:5      | Reached skill level 6 in Conjurations
  6588 | D:5      | Found an opulent altar of Gozag.
  7012 | D:5      | Reached XP level 8. HP: 41/41 MP: 8/16
  7064 | D:5      | Learned a level 4 spell: Airstrike
  7248 | D:5      | Reached skill level 5 in Spellcasting
  7527 | D:4      | Reached skill level 7 in Conjurations
  7604 | D:4      | Reached * piety under Sif Muna
  8149 | D:6      | Found a bloodstained altar of Trog.
  8379 | D:6      | Reached skill level 8 in Conjurations
  8674 | D:6      | Reached XP level 9. HP: 45/45 MP: 10/19
  8766 | D:6      | Reached ** piety under Sif Muna
  9038 | D:6      | Found an ancient bone altar of Kikubaaqudgha.
  9274 | D:7      | Found an iron altar of Okawaru.
  9375 | D:7      | Found a large runed door.
  9375 | D:7      | Found a large runed door.
  9376 | D:7      | Noticed HedoNNN's ghost (novice TrMo)
  9468 | D:7      | Found Afagas's Antique Armour Boutique.
  9473 | D:7      | Learned a level 3 spell: Mephitic Cloud
  9473 | D:7      | Found Poarch's Antique Weapon Boutique.
  9475 | D:7      | Found Zodeaj's Distillery.
  9477 | D:7      | Found Mevvej's Magic Scroll Boutique.
  9495 | D:7      | Bought a scroll of fear for 38 gold pieces
  9498 | D:7      | Bought a potion of degeneration for 13 gold pieces
  9505 | D:7      | Bought a scroll of identify for 22 gold pieces
  9505 | D:7      | Bought a scroll of identify for 22 gold pieces
  9505 | D:7      | Bought a scroll of identify for 22 gold pieces
  9667 | D:7      | Found a shadowy altar of Dithmenos.
 10021 | D:8      | Found Guaduv's Magic Scroll Shoppe.
 10044 | D:8      | Noticed a skeletal warrior
 10044 | D:8      | Noticed a skeletal warrior
 10068 | D:8      | Noticed a skeletal warrior
 10177 | D:8      | Noticed a skeletal warrior
 10464 | D:7      | Reached skill level 9 in Conjurations
 11012 | D:8      | Reached skill level 10 in Air Magic
 11167 | D:8      | Found a deep blue altar of Sif Muna.
 11956 | D:8      | Reached *** piety under Sif Muna
 12271 | D:9      | Reached skill level 10 in Conjurations
 12357 | D:9      | Noticed a guardian serpent
 12358 | D:9      | Upgraded the game from 0.22.1-5-g62c59d9 to
                  | 0.22.1-6-g1668fe2
 12397 | D:9      | Noticed a guardian serpent
 12617 | D:9      | Reached skill level 1 in Short Blades
 12623 | D:9      | Reached skill level 1 in Invocations
 12628 | D:9      | Reached skill level 1 in Charms
 12633 | D:9      | Reached XP level 10. HP: 38/50 MP: 9/22
 12802 | D:9      | Got a fine granite ring
 12803 | D:9      | Identified the ring "Lipnef" {rC+ MR+} (You found it on
                  | level 9 of the Dungeon)
 13203 | D:9      | Killed a guardian serpent
 14254 | D:9      | Found a staircase to the Lair.
 14304 | D:9      | Reached **** piety under Sif Muna
 14624 | D:9      | Learned a level 6 spell: Freezing Cloud
 14637 | D:10     | Entered Level 10 of the Dungeon
 15081 | D:10     | Found Qaba's Food Boutique.
 15089 | D:10     | Reached skill level 1 in Ice Magic
 15501 | D:10     | Found a staircase to the Orcish Mines.
 15503 | D:10     | Reached XP level 11. HP: 54/54 MP: 15/24
 16841 | D:10     | Noticed a three-headed hydra
 16851 | D:10     | Killed a three-headed hydra
 16851 | D:10     | Reached skill level 5 in Dodging
 16999 | D:10     | Noticed a two-headed ogre
 17198 | D:10     | Killed a two-headed ogre
 17625 | D:11     | Learned a level 3 spell: Conjure Flame
 17777 | D:11     | Gained mutation: You have a pair of small horns on your
                  | head. [potion of mutation]
 17777 | D:11     | Gained mutation: You passively map a small area around you.
                  | [potion of mutation]
 17777 | D:11     | Gained mutation: Your system is resistant to poisons.
                  | (rPois) [potion of mutation]
 18126 | D:11     | Reached ***** piety under Sif Muna
 18684 | D:11     | Noticed a two-headed ogre
 18702 | D:11     | Killed a two-headed ogre
 18702 | D:11     | Reached skill level 10 in Spellcasting
 18702 | D:11     | Reached skill level 5 in Ice Magic
 19162 | D:11     | Noticed a two-headed ogre
 19185 | D:11     | Reached XP level 12. HP: 59/59 MP: 6/27
 19190 | D:11     | Killed a two-headed ogre
 19190 | D:11     | Identified Sif Muna's Rites and Rhymes, Part Four (Sif Muna
                  | gifted it to you on level 11 of the Dungeon)
 19190 | D:11     | Received a gift from Sif Muna
 19199 | D:11     | Learned a level 4 spell: Throw Icicle
 22028 | D:13     | Noticed a centaur warrior
 22032 | D:12     | Killed a centaur warrior
 23461 | D:13     | Reached XP level 13. HP: 63/63 MP: 20/29
 23747 | D:13     | Reached skill level 1 in Crossbows
 23805 | D:13     | Reached skill level 1 in Fire Magic
 24257 | D:13     | Noticed Sonja
 24267 | D:13     | Killed Sonja
 24267 | D:13     | Identified Sif Muna's Incunabulum of Evil Conjuration (Sif
                  | Muna gifted it to you on level 13 of the Dungeon)
 24267 | D:13     | Received a gift from Sif Muna
 24561 | D:13     | Found a gate to the Vaults.
 25852 | D:14     | Learned a level 2 spell: Passwall
 26297 | D:14     | Reached skill level 5 in Crossbows
 26388 | D:14     | Found Myes Xah's Magic Scroll Boutique.
 27306 | D:15     | Entered Level 15 of the Dungeon
 28058 | D:15     | Reached skill level 5 in Fire Magic
 29092 | D:15     | Noticed Louise
 29097 | D:15     | Killed Louise
 29702 | D:15     | Gained mutation: You can fly continuously. [Tengu growth]
 29702 | D:15     | Reached XP level 14. HP: 68/68 MP: 12/31
 30944 | D:14     | Learned a level 4 spell: Fulminant Prism
 31640 | D:15     | Reached skill level 1 in Hexes
 31704 | D:15     | HP: 3/68 [centaur warrior/arrow (5)]
 32346 | D:15     | Found a staircase to the Depths.
 32718 | D:15     | Reached skill level 11 in Conjurations
 33916 | Depths:1 | Entered Level 1 of the Depths
 34291 | Orc:1    | Entered Level 1 of the Orcish Mines
 34325 | Orc:1    | Found a flagged portal.
 34328 | Orc:1    | Noticed an orc warlord
 34332 | Bailey   | Entered a bailey
 34988 | Lair:1   | Entered Level 1 of the Lair of Beasts
 35000 | Lair:1   | Reached skill level 1 in Shields
 35511 | Lair:1   | Reached skill level 12 in Conjurations
 35543 | Lair:1   | Identified Sif Muna's Handbook of Conjuration (Sif Muna
                  | gifted it to you on level 1 of the Lair of Beasts)
 35543 | Lair:1   | Received a gift from Sif Muna
 35568 | Lair:1   | Learned a level 6 spell: Bolt of Fire
 37934 | Lair:2   | Found a staircase to the Swamp.
 38008 | Lair:2   | Reached skill level 10 in Fire Magic
 38193 | Lair:2   | Reached XP level 15. HP: 72/72 MP: 3/32
 38536 | Lair:2   | Reached skill level 13 in Conjurations
 40572 | Lair:4   | Noticed Rupert
 41018 | Lair:4   | Found a hole to the Spider Nest.
 41595 | Lair:5   | Identified Sif Muna's Tome of Damaging Aid (Sif Muna gifted
                  | it to you on level 5 of the Lair of Beasts)
 41595 | Lair:5   | Received a gift from Sif Muna
 41808 | Lair:5   | Reached skill level 14 in Conjurations
 42739 | Lair:6   | Entered Level 6 of the Lair of Beasts
 42749 | Lair:6   | Found a hazy altar of Hepliaklqana.
 44567 | Lair:6   | Found a staircase to the Slime Pits.
 46056 | Lair:6   | Reached skill level 15 in Conjurations
 46488 | Lair:6   | Learned a level 1 spell: Summon Butterflies
 46779 | Swamp:1  | Entered Level 1 of the Swamp
 46838 | Swamp:1  | Reached skill level 1 in Summonings
 47794 | Swamp:1  | Identified Mebi's Grimoire of Damaging Fire (Sif Muna
                  | gifted it to you on level 1 of the Swamp)
 47794 | Swamp:1  | Received a gift from Sif Muna
 47907 | Swamp:1  | Found an opulent altar of Gozag.
 47946 | Swamp:1  | Reached skill level 5 in Summonings
 48749 | Swamp:1  | Identified the +0 robe of the Aged Emperors {*Corrode
                  | Int+7} (You found it on level 1 of the Swamp)
 48808 | Swamp:2  | Noticed a thorn hunter
 49054 | Swamp:2  | Reached XP level 16. HP: 76/76 MP: 20/33
 50408 | Swamp:2  | Killed a thorn hunter
 52350 | Swamp:3  | Reached skill level 10 in Summonings
 52470 | Swamp:3  | Received a gift from Sif Muna
 53372 | Swamp:4  | Entered Level 4 of the Swamp
 53751 | Swamp:4  | Noticed a thorn hunter
 53760 | Swamp:4  | Killed a thorn hunter
 56506 | Swamp:4  | Got a decaying rune of Zot
 57378 | D:7      | Killed HedoNNN's ghost
 57570 | D:7      | Bought a scroll of enchant weapon for 82 gold pieces
 57576 | D:7      | Bought an embroidered cloak for 202 gold pieces
 57638 | D:7      | Reached XP level 17. HP: 58/80 MP: 9/35
 57793 | D:8      | Bought a scroll of magic mapping for 38 gold pieces
 58106 | Spider:1 | Entered Level 1 of the Spider Nest
 58129 | Spider:1 | Identified Sif Muna's Catalogue of Weightlessness (Sif Muna
                  | gifted it to you on level 1 of the Spider Nest)
 58129 | Spider:1 | Received a gift from Sif Muna
 58474 | Spider:1 | Found a runed gate.
 58474 | Spider:1 | Found a runed gate.
 58475 | Spider:1 | Found a runed gate.
 58476 | Spider:1 | Noticed Mrkaede's ghost (journeyman HuBe)
 59074 | Spider:1 | Learned a level 4 spell: Summon Lightning Spire
 59375 | Spider:1 | Identified the +0 falchion of Veugim {antimagic, rC- MR++
                  | Int+5} (You found it on level 1 of the Spider Nest)
 60327 | Spider:2 | Learned a level 2 spell: Blink
 60767 | Spider:2 | Reached skill level 1 in Translocations
 61075 | Spider:2 | Slain by a wolf spider

Skill      XL: |  1  2  3  4  5  6  7  8  9 10 11 12 13 14 15 16 17 |
---------------+----------------------------------------------------+-----
Conjurations   | 2 3 4 5 6 8 10 12 15 | 15.1
Air Magic      | 5 6 7 9 10 | 10.7
Spellcasting   | 3 4 6 7 8 10 11 12 13 14 | 14.1
Short Blades   | 1 4 |  4.7
Invocations    | 1 4 |  4.9
Charms         | 1 2 |  2.0
Ice Magic      | 2 5 7 8 |  8.0
Dodging        | 3 6 9 |  9.5
Crossbows      | 6 |  6.0
Fire Magic     | 8 10 12 | 12.3
Hexes          | 3 |  3.3
Shields        | 4 |  4.0
Summonings     | 6 12 13 | 13.5
Translocations | 1 |  1.0
Stealth        | |  2.0
Poison Magic   | |  0.1

Action                   |  1- 3 |  4- 6 |  7- 9 | 10-12 | 13-15 | 16-18 || total
-------------------------+-------+-------+-------+-------+-------+-------++-------
Melee: Mace              |    21 |       |       |       |       |       ||    21
       Kick              |     9 |     7 |    16 |    33 |    58 |    54 ||   177
       Hand axe          |    23 |    20 |       |       |       |       ||    43
       Peck              |     2 |     7 |     6 |    23 |    44 |    39 ||   121
       Dagger            |       |    44 |    74 |   126 |   291 |   223 ||   758
       Falchion          |       |       |       |     2 |       |       ||     2
       Headbutt          |       |       |       |     9 |    33 |    40 ||    82
 Fire: Hunting sling     |       |    28 |       |       |       |       ||    28
       Hand crossbow     |       |       |       |    52 |   262 |     2 ||   316
       Blowgun           |       |       |       |       |    13 |       ||    13
Throw: Stone             |       |     8 |    17 |     4 |       |       ||    29
       Tomahawk          |       |     1 |       |       |    34 |    14 ||    49
 Cast: Shock             |    25 |   124 |   207 |   426 |   261 |    48 ||  1091
       Static Discharge  |       |     9 |     9 |     8 |   100 |    14 ||   140
       Swiftness         |       |     2 |     3 |     8 |    11 |     3 ||    27
       Lightning Bolt    |       |     2 |    10 |    31 |    67 |    33 ||   143
       Airstrike         |       |       |    23 |   139 |   221 |   128 ||   511
       Mephitic Cloud    |       |       |     4 |    16 |    11 |    53 ||    84
       Conjure Flame     |       |       |       |    42 |   133 |    13 ||   188
       Freezing Cloud    |       |       |       |     1 |     4 |       ||     5
       Throw Icicle      |       |       |       |     2 |    95 |   165 ||   262
       Passwall          |       |       |       |       |     3 |       ||     3
       Fulminant Prism   |       |       |       |       |    39 |       ||    39
       Bolt of Fire      |       |       |       |       |    76 |    43 ||   119
       Summon Butterflie |       |       |       |       |     5 |       ||     5
       Summon Lightning  |       |       |       |       |       |    14 ||    14
Invok: Channel Magic     |       |       |       |     2 |     9 |     4 ||    15
       Divine Energy     |       |       |       |       |       |     1 ||     1
       Stop Divine Energ |       |       |       |       |       |     1 ||     1
 Abil: Fly               |       |       |       |       |     1 |       ||     1
Evoke: Wand              |       |       |     5 |     7 |     9 |     6 ||    27
  Use: Scroll            |     3 |     3 |    10 |    13 |    13 |     8 ||    50
       Potion            |       |     2 |     3 |     7 |     8 |    10 ||    30
 Stab: Sleeping          |     6 |     1 |     1 |     7 |     8 |       ||    23
       Distracted        |       |       |     1 |       |       |       ||     1
       Paralysed         |       |       |       |     4 |       |       ||     4
       Confused          |       |       |       |     2 |     2 |    20 ||    24
       Invisible         |       |       |       |       |     1 |       ||     1
  Eat: Chunk             |       |    16 |    15 |    25 |    45 |     8 ||   109
       Ration            |       |       |     4 |     7 |    20 |    11 ||    42
Armor: Robe              |    14 |    17 |    35 |    49 |    59 |    24 ||   198
Dodge: Dodged            |    30 |    71 |    77 |   179 |   384 |   231 ||   972
Block: Buckler           |       |       |       |       |   104 |   100 ||   204
       Reflection        |       |       |       |       |     1 |     9 ||    10
       Rpst.: Falchion   |       |       |       |     2 |       |       ||     2
